 Dungeon Crawl Stone Soup version 0.29-a0-397-g846e4a0bbc (console) character file.

Game seed: 4842356527421391464

983 om the Magician (level 8, -5/50 HPs)
             Began as a Djinni Venom Mage on May 11, 2022.
             Killed from afar by a manticore (17 damage)
             ... with a volley of spikes
             ... on level 7 of the Dungeon.
             The game lasted 00:22:36 (8561 turns).

om the Magician (Djinni Venom Mage)                 Turns: 8561, Time: 00:22:37

Health: -5/50      AC:  3    Str:  9    XL:     8   Next: 40%
Gold:   295        EV: 14    Int: 16    God:
                   SH:  0    Dex: 15

rFire   + + .      SeeInvis .   o - staff of death
rCold   x . .      Faith    .   (no shield)
rNeg    + . .      Spirit   .   a - +1 robe
rPois   ∞          Reflect  .   (no helmet)
rElec   .          Harm     .   (no cloak)
rCorr   .          Rampage  .   (no gloves)
Will    .....                   (boots unavailable)
Stlth   +++.......              (no amulet)
HPRegen 0.16/turn               (no ring)
MPRegen 0.00/turn               (no ring)

@: about to teleport, spiked, flying
A: sickness immunity, fire resistance 2, cold vulnerability 1, float, innate
caster, HP casting, extra vitality 1
a: no special abilities


You were on level 7 of the Dungeon.
You visited 1 branch of the dungeon, and saw 6 of its levels.

You collected 295 gold pieces.

Inventory:

Hand Weapons
 c - a +0 short sword
 e - a +1 dagger of flaming
Armour
 a - a +1 robe (worn)
Magical Staves
 o - a staff of death (weapon)
Jewellery
 q - an amulet of the acrobat
 s - a ring of fire
Wands
 v - a wand of flame (22)
Scrolls
 j - a scroll of fog
 p - 2 scrolls of vulnerability
Potions
 b - a potion of might
 d - 2 potions of curing
 f - a potion of mutation {unknown}
 g - a potion of invisibility
 m - 2 potions of brilliance
 n - a potion of berserk rage
 r - a potion of ambrosia
 t - a potion of lignification {unknown}


   Skills:
 * Level 3.8 Staves
 + Level 4.7 Dodging
 + Level 3.8 Stealth
 * Level 5.0 Spellcasting


You had one spell level left.
You knew the following spells:

 Your Spells              Type           Power      Damage    Failure   Level
a - Sting                 Tmut/Pois      80%        1d7       1%          1
b - Poisonous Vapours     Pois/Air       40%        N/A       2%          2
c - Mephitic Cloud        Conj/Pois/Air  20%        N/A       5%          3
d - Olgreb's Toxic Radia  Pois           20%        N/A       19%         4
e - Summon Small Mammal   Summ           80%        N/A       1%          1
f - Wereblood             Tmut           20%        N/A       2%          2
g - Stone Arrow           Conj/Erth      40%        3d9       5%          3
Your spell library was empty.

Dungeon Overview and Level Annotations

Branches:
Dungeon (5/15)             Temple (0/1) D:5

Altars:
Hepliaklqana


Innate Abilities, Weirdness & Mutations

You are immune to sickness and miasma.
You are immune to poison.
Your flesh is very heat resistant. (rF++)
You are vulnerable to cold. (rC-)
You float through the air rather than walking.
You learn spells naturally, not from books.
Your magical power is your life essence.
You have superior vitality. (+4 MHP)


Message History

The manticore is poisoned.
The manticore flicks its tail.
The volley of spikes hits you!
The barbed spikes become lodged in your body.
Casting: Poisonous Vapours (safe; 2% risk of failure)
Confirm with . or Enter, or press ? or * to list all spells.
Aiming: Poisonous Vapours (safe; 2% risk of failure)
Press: ? - help, Dir - move target, f/p - manticore
Aim: a manticore (poisoned) Poisonous vapours surround the manticore!
The manticore looks even sicker.
The manticore flicks its tail.
The volley of spikes misses you.
Casting: Poisonous Vapours (safe; 2% risk of failure)
Confirm with . or Enter, or press ? or * to list all spells.
You can't see any susceptible monsters within range! (Use Z to cast anyway.)
Casting: Poisonous Vapours (safe; 2% risk of failure)
Confirm with . or Enter, or press ? or * to list all spells.
Aiming: Stone Arrow (dangerous; 5% risk of failure)
Press: ? - help, Shift-Dir - straight line, f/p - manticore
Aim: a manticore (lightly wounded, very poisoned, 83% to hit)
The stone arrow misses the manticore.
Casting: Stone Arrow (dangerous; 5% risk of failure)
Confirm with . or Enter, or press ? or * to list all spells.
Aiming: Stone Arrow (dangerous; 5% risk of failure)
Press: ? - help, Shift-Dir - straight line, f/p - manticore
Aim: a manticore (lightly wounded, very poisoned, 83% to hit)
The stone arrow hits the manticore!
The manticore is moderately wounded.
The manticore flicks its tail.
The volley of spikes hits you!!
The barbed spikes become lodged in your body.
* * * LOW HITPOINT WARNING * * *
Okay, then.
As you read the scroll of teleportation, it crumbles to dust.
You feel strangely unstable.
The manticore flicks its tail.
The volley of spikes hits you!
The barbed spikes become lodged in your body.
You die...

# #.#.##.### #
#.#######
#.####.#.....#######
#..................#
######.#.###.#####.#
#.#.###.# #.#
#.#.....#####.#
#.#.#.........#
#.#.#####.#####
#.#...###.#
..#..H..@.# ....$
...#.##### ####. # #
# .


You could see a manticore (very poisoned).

Vanquished Creatures
  A yak (D:4)
  The ghost of Foxy the Slasher, an amateur PaBe of Trog (D:4)
  Edmund (D:5)
  2 scorpions
  2 hounds (D:4)
  A jelly (D:4)
  2 orc priests
  Ijyb (D:5)
  Terence (D:3)
  2 iguanas (D:5)
  An orc wizard (D:7)
  5 gnolls
  5 adders
  A river rat (D:4)
  A white imp (D:5)
  2 dart slugs (D:1)
  5 orcs
  6 endoplasms
  5 giant cockroaches
  5 goblins
  6 hobgoblins
  5 kobolds
  5 quokkas
  4 ball pythons
  7 bats
  5 frilled lizards
  6 rats
  A spectral hobgoblin (D:3)
89 creatures vanquished.

Vanquished Creatures (others)
  A fungus (D:1)
1 creature vanquished.

Grand Total: 90 creatures vanquished

Notes
Turn   | Place    | Note
-------+----------+-------------------------------------------
     0 | D:1      | om the Djinni Venom Mage began the quest for the Orb.
     0 | D:1      | Reached XP level 1. HP: 15/15 MP: 0/0
   155 | D:1      | Reached XP level 2. HP: 13/21 MP: 0/0
   781 | D:1      | Found a faded altar of an unknown god.
   934 | D:1      | Reached skill level 3 in Spellcasting
   934 | D:1      | Reached XP level 3. HP: 21/25 MP: 0/0
   934 | D:1      | Learned a level 1 spell: Summon Small Mammal
  1988 | D:2      | Reached XP level 4. HP: 17/31 MP: 0/0
  3361 | D:2      | Reached XP level 5. HP: 6/35 MP: 0/0
  3361 | D:2      | Learned a level 2 spell: Wereblood
  4087 | D:3      | Noticed Terence
  4104 | D:3      | Killed Terence
  4262 | D:3      | Found a hazy altar of Hepliaklqana.
  4652 | D:4      | Reached XP level 6. HP: 29/40 MP: 0/0
  4728 | D:4      | Reached skill level 1 in Staves
  5061 | D:4      | Reached skill level 4 in Spellcasting
  5133 | D:4      | Found a runed translucent door.
  5254 | D:4      | Noticed Foxy's ghost (amateur PaBe)
  5867 | D:4      | Noticed a yak
  5885 | D:4      | Killed a yak
  5886 | D:4      | Reached XP level 7. HP: 29/45 MP: 0/0
  5886 | D:4      | Learned a level 3 spell: Stone Arrow
  6210 | D:4      | Found a runed translucent door.
  6584 | D:4      | Killed Foxy's ghost
  6810 | D:5      | Entered Level 5 of the Dungeon
  6916 | D:5      | Noticed Edmund
  6935 | D:5      | Killed Edmund
  6936 | D:5      | Reached XP level 8. HP: 7/50 MP: 0/0
  7312 | D:5      | Noticed Ijyb
  7333 | D:5      | Killed Ijyb
  7367 | D:5      | Found a staircase to the Ecumenical Temple.
  8021 | D:5      | You are sucked into a shaft and drop 2 floors!
  8170 | D:7      | Noticed a yak
  8182 | D:7      | Reached skill level 5 in Spellcasting
  8295 | D:7      | Noticed a manticore
  8561 | D:7      | Killed from afar by a manticore

Illustrated notes

Levels and vault maps discovered:
D:1:      saegor_arrival_simple_d, layout_basic,
          shapermc_ecumenical_altar_rom_forum, minmay_tromino_mix6
D:2:      layout_basic
D:3:      layout_basic, nicolae_hepliaklqana_monster_ancestors, uniq_terence
D:4:      minmay_thick_lines, layout_layer_cave, ebering_ghost_sewer_f,
          minmay_bent
D:5:      layout_gridville, temple_pool_b, chequers_garden, uniq_ijyb,
          uniq_edmund
D:7:      layout_basic, lemuel_old_faithful, uniq_joseph

Skill      XL: |  1  2  3  4  5  6  7  8 |
---------------+-------------------------+-----
Spellcasting   | 3 4 5 |  5.0
Stealth        | 2 3 |  3.8
Dodging        | 3 4 |  4.7
Staves         | 2 3 |  3.8

Action                   |  1- 3 |  4- 6 |  7- 9 || total
-------------------------+-------+-------+-------++-------
Melee: Unarmed           |     3 |       |       ||     3
       Short sword       |    10 |    29 |       ||    39
       Staff             |       |    43 |    24 ||    67
       Punch             |       |       |     2 ||     2
 Cast: Sting             |    37 |    31 |    28 ||    96
       Poisonous Vapours |     3 |    27 |    29 ||    59
       Summon Small Mamm |     3 |     8 |       ||    11
       Mephitic Cloud    |       |     3 |     5 ||     8
       Stone Arrow       |       |       |    17 ||    17
  Use: Scroll            |       |     9 |     8 ||    17
       Potion            |       |     1 |     1 ||     2
 Stab: Distracted        |     1 |       |       ||     1
       Sleeping          |       |     3 |       ||     3
       Confused          |       |     1 |     2 ||     3
Armor: Robe              |     8 |    20 |     2 ||    30
Dodge: Dodged            |    29 |    60 |    28 ||   117

Table legend: (Time is in decaauts)
 A = Elapsed time spent in this place.
 B = Non-inter-level travel time spent in this place.
 C = Inter-level travel time spent in this place.
 D = Time resting spent in this place.
 E = Time spent auto-exploring this place.
 F = Levels seen in this place.
 G = Mean time per level.
                   A        B        C        D        E       F      G
               +--------+--------+--------+--------+--------+-----+--------+
         Total |   8572 |   8434 |    138 |   3915 |   3519 |   6 | 1428.7 |
       Dungeon |   8572 |   8434 |    138 |   3915 |   3519 |   6 | 1428.7 |
               +--------+--------+--------+--------+--------+-----+--------+

Top non-repeatable levels by time:
     D:4: 2170 daAuts
     D:1: 1940 daAuts
     D:2: 1697 daAuts
     D:5: 1211 daAuts
     D:3: 1012 daAuts
     D:7: 539 daAuts
